 Dungeon Crawl Stone Soup version 0.29-a0-557-g43b9904bd1 (webtiles) character file.

Game seed: 7557448708986084444

11 testman the Stinger (level 2, -1/20 HPs)
             Began as a Meteoran Wanderer on June 8, 2022.
             Was a Follower of Cheibriados.
             Slain by a gnoll
             ... wielding a +0 spear
              (3 damage)
             ... on level 2 of the Dungeon.
             The game lasted 00:03:42 (212 turns).

testman the Stinger (Meteoran Wanderer)              Turns: 212, Time: 00:03:43

Health: -1/20      AC:  3    Str: 13    XL:     2   Next: 58%
Magic:  4/6        EV: 12    Int: 21    God:    Cheibriados [*.....]
Gold:   0          SH:  0    Dex: 14    Spells: 4/5 levels left

rFire   . . .      SeeInvis .   a - +0 dagger
rCold   . . .      Faith    .   (no shield)
rNeg    . . .      Spirit   .   c - +0 robe
rPois   .          Reflect  .   (no helmet)
rElec   .          Harm     .   d - +0 cloak
rCorr   .          Rampage  .   (no gloves)
Will    .....                   (no boots)
Stlth   +.........              (no amulet)
HPRegen 0.06/turn               (no ring)
MPRegen 0.10/turn               (no ring)

@: very slightly contaminated, glowing, very slow
A: sense surroundings 1, otherworldly, glowing, explore regen
a: Renounce Religion, Bend Time


You were on level 2 of the Dungeon.
You worshipped Cheibriados.
Cheibriados was aware of your devotion.
You visited 1 branch of the dungeon, and saw 2 of its levels.

Inventory:

Hand Weapons
 a - a +0 dagger (weapon)
Armour
 c - a +0 robe (worn)
 d - a +0 cloak (worn)
Potions
 b - a potion of curing
 e - 2 potions of lignification {unknown}


   Skills:
 - Level 1.2 Armour
 - Level 2.4 Dodging
 - Level 1.0 Stealth
 + Level 2.2 Spellcasting
 + Level 2.7 Necromancy
 - Level 3.6 Poison Magic
 + Level 0.0 Invocations


You had 4 spell levels left.
You knew the following spells:

 Your Spells              Type           Power      Damage    Failure   Level
a - Necrotize             Necr           52%        1d6       4%          1

Your spell library contained the following spells:

 Spells                   Type           Power      Damage    Failure   Level
 Sting                    Tmut/Pois      36%        1d4       7%          1
 Vampiric Draining        Necr           13%        2d6       14%         3
 Spider Form              Tmut/Pois      9%         N/A       21%         3
 Dispel Undead            Necr           13%        3d9       43%         4


Dungeon Overview and Level Annotations

Branches:
Dungeon (2/15)

Altars:
Cheibriados
Fedhas


Innate Abilities, Weirdness & Mutations

You passively map a small area around you.
You are easily found by Zot.
You glow in the dark.
You regain HP and MP as you explore.


Message History

You kill the rat!
Cheibriados appreciates the change of pace.
Cheibriados raises the support of your attributes as your movement slows.
Okay, then.
Found 13 gold pieces.
e - 2 sedimented green potions (gained 1)
You swap places.
Your rat skeleton crumbles into dust!
A gnoll comes into view. It is wielding a +0 spear.
The gnoll moves out of view.
You see here 13 gold pieces.
You swap places.
Your rat skeleton closely misses the gnoll.
The gnoll closely misses you.
Your rat skeleton bites the gnoll but does no damage.
The gnoll hits you from afar with a +0 spear.
The gnoll hits you from afar with a +0 spear!
Your rat skeleton bites the gnoll but does no damage.
The gnoll hits your rat skeleton with a +0 spear!
Your rat skeleton is destroyed!
Aiming: Necrotize (safe; 4% risk of failure)
Press: ? - help, Q - select action, (/) - cycle Shift-Dir - straight line, f - gnoll
Aim: a gnoll, wielding a +0 spear (chance to affect: 76%)
The gnoll writhes in agony.
The gnoll hits you from afar with a +0 spear.
* * * LOW HITPOINT WARNING * * *
The gnoll hits you but does no damage.
Aiming: Necrotize (safe; 4% risk of failure)
Press: ? - help, Q - select action, (/) - cycle Shift-Dir - straight line, f/p - gnoll
Aim: a gnoll, wielding a +0 spear (heavily wounded, chance to affect: 76%)
The gnoll writhes in agony.
The gnoll barely misses you.
Aiming: Necrotize (safe; 4% risk of failure)
Press: ? - help, Q - select action, (/) - cycle Shift-Dir - straight line, f/p - gnoll
Aim: a gnoll, wielding a +0 spear (almost dead, chance to affect: 76%)
You miscast Necrotize.
You are very lightly contaminated with residual magic.
Nothing appears to happen.
The gnoll hits you from afar with a +0 spear.
You die...

* .#.. * , * # ... ,
, #. , ..### *
#.######## ....*
#........, ,,*..#####
* , ,*
#.....######...#...
#........g.$.......,,
#.......######.#... ,
###.....g.@....#.# ,
, #............#)# *
#............#.# *,
#.##########.#.### ,
#.# #######.#...#*
##.####.....Z.#<#.#
#.....#.#######.#.#
##.....#.# #...#.#
#..._....# #.###.#


You could see a gnoll.

Vanquished Creatures
  An endoplasm (D:1)
  A hobgoblin (D:1)
  2 ball pythons (D:1)
  4 kobolds
  2 rats (D:2)
10 creatures vanquished.

Vanquished Creatures (collateral kills)
  A ball python (D:1)
  A rat (D:1)
2 creatures vanquished.

Grand Total: 12 creatures vanquished

Notes
Turn   | Place    | Note
-------+----------+-------------------------------------------
     0 | D:1      | testman the Meteoran Wanderer began the quest for the Orb.
     0 | D:1      | testman set off with the following items: a +0 dagger, a
                  | potion of curing, a +0 robe, a +0 cloak; and the following
                  | spells available to memorise: Necrotize, Sting, Vampiric
                  | Draining, Spider Form, Dispel Undead
     0 | D:1      | Reached XP level 1. HP: 14/14 MP: 3/3
     2 | D:1      | Learned a level 1 spell: Necrotize
    47 | D:1      | Reached XP level 2. HP: 14/20 MP: 2/5
    64 | D:1      | Found a faded altar of an unknown god.
    72 | D:1      | Prayed at the altar of an unknown god.
    72 | D:1      | Became a worshipper of Cheibriados the Contemplative
    72 | D:1      | Reached * piety under Cheibriados
   161 | D:2      | Found a blossoming altar of Fedhas.
   212 | D:2      | Slain by a gnoll

Illustrated notes

Levels and vault maps discovered:
D:1:      roderic_octagonal_star, layout_basic,
          nicolae_ecumenical_snake_handling, solitary_fountain, minmay_vboxes
D:2:      layout_basic, basic_altar, minmay_between

Skill      XL: |  1  2 |
---------------+-------+-----
Spellcasting   | 2 |  2.2
Armour         | |  1.2
Dodging        | |  2.4
Stealth        | |  1.0
Necromancy     | |  2.7
Poison Magic   | |  3.6

Action                   || total
-------------------------++-------
Melee: Dagger            ||     5
 Cast: Necrotize         ||    16
Armor: Robe              ||     5
Dodge: Dodged            ||     7

Table legend: (Time is in decaauts)
 A = Elapsed time spent in this place.
 B = Non-inter-level travel time spent in this place.
 C = Inter-level travel time spent in this place.
 D = Time resting spent in this place.
 E = Time spent auto-exploring this place.
 F = Levels seen in this place.
 G = Mean time per level.
                   A        B        C        D        E       F      G
               +--------+--------+--------+--------+--------+-----+--------+
         Total |    258 |    250 |      8 |      0 |    116 |   2 |  129.0 |
       Dungeon |    258 |    250 |      8 |      0 |    116 |   2 |  129.0 |
               +--------+--------+--------+--------+--------+-----+--------+

Top non-repeatable levels by time:
     D:1: 143 daAuts
     D:2: 114 daAuts
